 Dungeon Crawl Stone Soup version 0.28-a0-535-g6f645e4c1d (webtiles) character file.

Game seed: 5568746368996581644

24 dracfodder the Digger (level 3, -5/19 HPs)
             Began as a Gargoyle Earth Elementalist on Sept 26, 2021.
             Slain by a goblin (6 damage)
             ... led by Robin
             ... on level 2 of the Dungeon.
             The game lasted 00:05:55 (702 turns).

dracfodder the Digger (Gargoyle Earth Elementalist)  Turns: 702, Time: 00:05:56

Health: -5/19      AC:  6    Str: 11    XL:     3   Next: 2%
Magic:  3/6        EV: 12    Int: 16    God:
Gold:   58         SH:  0    Dex: 10    Spells: 6/7 levels left

rFire   . . .      SeeInvis .   b - +2 hunting sling (freeze)
rCold   . . .      Faith    .   (no shield)
rNeg    + . .      Spirit   .   i - +0 robe
rPois   ∞          Reflect  .   (no helmet)
rElec   +          Harm     .   f - +0 cloak
rCorr   .          Rampage  .   (no gloves)
Will    .....                   (no boots)
Stlth   ++........              (no amulet)
HPRegen 0.06/turn               (no ring)
MPRegen 0.10/turn               (no ring)

@: no status effects
A: sickness immunity, AC +3, negative energy resistance 1, electricity
resistance, torment resistance 1, petrification resistance
a: no special abilities


You were on level 2 of the Dungeon.
You visited 1 branch of the dungeon, and saw 2 of its levels.

You collected 58 gold pieces.

Inventory:

Hand Weapons
 a - a +0 whip
 b - a +2 hunting sling of freezing (weapon)
Missiles
 c - 7 stones
 d - 11 sling bullets (quivered ammo)
Armour
 f - a +0 cloak (worn)
 i - a +0 robe (worn)
Potions
 h - a potion of flight
 k - a potion of resistance {unknown}


   Skills:
 + Level 1.6 Dodging
 + Level 2.4 Stealth
 * Level 2.5 Spellcasting
 + Level 0.7 Transmutations
 + Level 4.2 Earth Magic


You had 6 spell levels left.
You knew the following spells:

 Your Spells              Type           Power      Damage    Failure   Level
a - Sandblast             Erth           30%        2d9       3%          1

Your spell library contained the following spells:

 Spells                   Type           Power      Damage    Failure   Level
 Passwall                 Tmut/Erth      8%         N/A       11%         2
 Stone Arrow              Conj/Erth      16%        3d8       24%         3
 Petrify                  Tmut/Erth      10%        N/A       56%         4


Dungeon Overview and Level Annotations

Branches:
Dungeon (2/15)

Altars:

Shops:
D:1 (

Annotations:
D:2 Robin


Innate Abilities, Weirdness & Mutations

You are immune to sickness and miasma.
Your stone body is resilient. (AC +3)
You are immune to poison.
You resist negative energy. (rN+)
You are resistant to electric shocks. (rElec)
You are resistant to unholy torment.
You are immune to petrification.


Message History

Confirm with . or Enter, or press ? or * to list all spells.
Aiming: Sandblast (safe; 3% risk of failure)
Press: ? - help, Shift-Dir - straight line, f - rat
Aim: a rat (79% to hit)
The blast of sand hits the rat!
You kill the rat!
c - 7 stones You see here a frilled lizard corpse.
d - 10 sling bullets (gained 1)
You see here a frilled lizard corpse.
d - 11 sling bullets (gained 1)
You see here a frilled lizard corpse.
You see here a rat corpse.
You see here a bat corpse.
There is a stone staircase leading down here.
You climb downwards.
The goblin shouts! x2; The hobgoblin shouts!
The goblin shouts! x3
Robin shouts!
The goblin shouts! x2; The hobgoblin shouts!
The goblin misses you.
The hobgoblin hits you but does no damage.
Robin roars a battlecry!
The goblins go into a battle-frenzy!
The goblin hits you with a +0 club. The goblin barely misses you.
The goblin misses you. The goblin closely misses you.
The goblin hits you with a +0 club. The goblin hits you but does no damage.
The goblin misses you.
Robin says, "My goblins will feast on your bones."
Robin throws the goblin at you! The goblin hits you with a +0 club.
The goblin hits you with a +0 dagger. The goblin hits you with a +0 club.
* * * LOW HITPOINT WARNING * * *
The goblin shouts!
Found a scroll of identify.
There is a stone staircase leading up here.
The goblin hits you with a +0 club.
* * * LOW HITPOINT WARNING * * *
The goblin completely misses you. The goblin closely misses you.
The goblin hits you but does no damage. The hobgoblin barely misses you.
The goblin misses you. Robin hits you but does no damage.
The goblin barely misses you. The goblin hits you with a +0 club.
You die...

... ..## .
#####..## ..
###...#...##...
..?..........#
#....g.g....#
......ggg...##.
.....gg@g......
##....ggg....#.
#....#......#
#...##....#.#
....# ...### ..
.... .#.# . ..#
# .# .. .# #


You could see Robin, 2 hobgoblins and 8 goblins.

Vanquished Creatures
  2 bats (D:1)
  5 endoplasms
  A goblin (D:1)
  A hobgoblin (D:1)
  A kobold (D:1)
  A quokka (D:2)
  5 ball pythons
  2 frilled lizards (D:1)
  5 rats (D:1)
23 creatures vanquished.

Notes
Turn   | Place    | Note
-------+----------+-------------------------------------------
     0 | D:1      | dracfodder the Gargoyle Earth Elementalist began the quest
                  | for the Orb.
     0 | D:1      | Reached XP level 1. HP: 10/10 MP: 3/3
   104 | D:1      | Reached XP level 2. HP: 15/15 MP: 1/5
   168 | D:1      | Reached skill level 4 in Earth Magic
   289 | D:1      | Found Bimak's Weapon Emporium.
   524 | D:1      | Identified a scroll of acquirement
   524 | D:1      | Acquired a +2 hunting sling of freezing
   682 | D:1      | Reached XP level 3. HP: 19/19 MP: 2/6
   701 | D:2      | Noticed Robin
   702 | D:2      | Slain by a goblin

Illustrated notes

Levels and vault maps discovered:
D:1:      onia_arrival_handbag, layout_loops_ring, serial_shops, shop
D:2:      layout_rooms, serial_shops, shop, hangedman_decor_clover_reticule,
          grunt_ministairs_11, corexii_item_surrounded_by_moat, st_stairs_10,
          uniq_natasha, uniq_jessica, uniq_robin

Skill      XL: |  1  2 |
---------------+-------+-----
Earth Magic    | 4 |  4.2
Dodging        | |  1.6
Stealth        | |  2.4
Spellcasting   | |  2.5
Transmutations | |  0.7

Action                   || total
-------------------------++-------
 Fire: Hunting sling     ||     7
 Cast: Sandblast         ||    23
  Use: Scroll            ||     3
Armor: Robe              ||     5
Dodge: Dodged            ||    14

Table legend: (Time is in decaauts)
 A = Elapsed time spent in this place.
 B = Non-inter-level travel time spent in this place.
 C = Inter-level travel time spent in this place.
 D = Time resting spent in this place.
 E = Time spent auto-exploring this place.
 F = Levels seen in this place.
 G = Mean time per level.
                   A        B        C        D        E       F      G
               +--------+--------+--------+--------+--------+-----+--------+
         Total |    702 |    702 |      0 |     93 |    385 |   2 |  351.0 |
       Dungeon |    702 |    702 |      0 |     93 |    385 |   2 |  351.0 |
               +--------+--------+--------+--------+--------+-----+--------+

Top non-repeatable levels by time:
     D:1: 689 daAuts
     D:2: 12 daAuts
